 Dungeon Crawl Stone Soup version 0.26.1-15-g04117e645d (webtiles) character file.

Game seed: 10482990942099582776

375754 suipiss the Lord of Darkness (level 21, -2/94 HPs)
             Began as a Deep Elf Necromancer on Dec 30, 2022.
             Was the Champion of Kikubaaqudgha.
             Hit by a large rock thrown by a stone giant (45 damage)
             ... on level 1 of the Depths on Dec 31, 2022.
             The game lasted 04:47:32 (81117 turns).

suipiss the Lord of Darkness (DENe)                Turns: 81117, Time: 04:47:33

Health: -2/94      AC: 15    Str: 11 (12) XL:     21   Next: 79%
Magic:  26/57      EV: 20    Int: 31      God:    Kikubaaqudgha [******]
Gold:   2247       SH:  7    Dex: 11      Spells: 8/62 levels left

rFire    + . .     SeeInvis +   V - +0 spear "Ebumpew" {drain, rPois rN+ Dex-4}
rCold    + + .     Faith    .   O - +3 buckler
rNeg     + + +     Spirit   .   z - +5 robe of Night {Dark Will+ SInv}
rPois    +         Reflect  .   T - +2 hat {Int+3}
rElec    .         Harm     .   D - scarf {rC+ rF+}
rCorr    .         Rampage  .   Z - +0 pair of gloves of Words of Power {rN+} (curse)
Will     +++..                  U - +2 pair of boots
Stlth    ++........             W - amulet of Ityoran {+Inv rN+ Regen+ Str+4}
HPRegen  0.65/turn              w - ring of magical power
MPRegen  0.35/turn              F - ring of wizardry

@: no status effects
A: iridescent scales 1, cold resistance 1, deterioration 1
}: 2/15 runes: barnacled, gossamer
a: Renounce Religion, Evoke Invisibility, Receive Corpses, Torment


You were on level 1 of the Depths.
You worshipped Kikubaaqudgha.
Kikubaaqudgha was exalted by your worship.
You visited 8 branches of the dungeon, and saw 40 of its levels.
You visited 1 bazaar.
You also visited: Trove, Ossuary, Bailey, Gauntlet, Ice Cave and Volcano.

You collected 6862 gold pieces.
You spent 4615 gold pieces at shops.

Inventory:

Hand Weapons
 y - the +8 war axe of the Purse {flame, rElec rF- MP+9 Str-3}
   (You bought it in a shop on level 2 of the Orcish Mines)

   It has been specially enchanted to burn those struck by it, causing extra
   injury to most foes and up to half again as much damage against particularly
   susceptible opponents.
   Big, fiery blades are also staple armaments of hydra-hunters.
   It affects your strength (-3).
   It makes you vulnerable to fire.
   It insulates you from electricity.
   It affects your magic capacity (+9).
 V - the +0 spear "Ebumpew" (weapon) {drain, rPois rN+ Dex-4}
   (You found it in a Gauntlet)

   A truly terrible weapon, it drains the life of those it strikes.
   It affects your dexterity (-4).
   It protects you from poison.
   It protects you from negative energy.
Armour
 c - a +2 leather armour of fire resistance
 x - a +2 robe of cold resistance
 z - the +5 robe of Night (worn) {Dark Will+ SInv}
   (You bought it in a shop on level 7 of the Dungeon)

   It affects your willpower, your defense against some magical effects.
   It lets you see invisible.
 D - a scarf of resistance (worn)
 K - a scarf of harm
 L - +2 fire dragon scales
 N - a scarf of repulsion
 O - a +3 buckler (worn)
 T - a +2 hat of intelligence (worn)
 U - a +2 pair of boots (worn)
 Z - the cursed +0 pair of gloves of Words of Power (worn) {rN+}
   (You bought it in a shop in a bazaar)

   It protects you from negative energy.
   It has a curse placed upon it.
Jewellery
 a - the ring "Dacuduh" {rN+ Int+2 Dex+2}
   (You found it on level 6 of the Lair of Beasts)

   [ring of positive energy]

   It affects your intelligence (+2).
   It affects your dexterity (+2).
   It protects you from negative energy.
 w - a ring of magical power (left hand)
 B - an uncursed ring of protection from cold
 F - a ring of wizardry (right hand)
 H - an uncursed ring of willpower
 Q - an uncursed ring of fire
 R - an uncursed ring of flight
 W - the amulet of Ityoran (around neck) {+Inv rN+ Regen+ Str+4}
   (You found it on level 6 of the Lair of Beasts)

   [amulet of regeneration]

   It affects your strength (+4).
   It protects you from negative energy.
   It lets you turn invisible.
   It increases your rate of regeneration.
 X - an uncursed ring of see invisible
Wands
 d - a wand of acid (11)
 e - a wand of iceblast (17)
 S - a wand of digging (14)
Scrolls
 f - 4 scrolls of torment
 h - a scroll of blinking
 i - 15 scrolls of identify
 j - 7 scrolls of teleportation
 m - 2 scrolls of holy word
 n - 18 scrolls of remove curse
 p - 3 scrolls of silence
 q - 8 scrolls of magic mapping
 u - 5 scrolls of immolation
 J - 4 scrolls of enchant armour
 M - 5 scrolls of fog
 P - 2 scrolls of fear
Potions
 g - 9 potions of brilliance
 l - a potion of haste
 o - 2 potions of resistance
 r - 8 potions of lignification
 s - 6 potions of flight
 t - 9 potions of curing
 v - 5 potions of mutation
 A - 2 potions of heal wounds
 E - 4 potions of might
Miscellaneous
 b - a phantom mirror
 k - a lightning rod (4/4)
 G - a condenser vane (inert)


   Skills:
 - Level 3.2 Armour
 - Level 15.0 Dodging
 - Level 2.4 Stealth
 - Level 3.0 Shields
 - Level 21.2 Spellcasting
 - Level 15.0 Conjurations
 - Level 3.0 Hexes
 - Level 23.0 Necromancy
 - Level 13.0 Transmutations
 * Level 19.9 Earth Magic
 - Level 3.0 Evocations


You had 8 spell levels left.
You knew the following spells:

 Your Spells              Type           Power        Failure   Level
a - Infestation           Necr           54%          1%          8
b - Vampiric Draining     Necr           54%          0%          3
d - Iron Shot             Conj/Erth      48%          1%          6
e - Borgnjor's Revivific  Necr           54%          1%          8
f - Haunt                 Necr/Summ      40%          3%          7
g - Death's Door          Necr           54%          4%          9
h - Sublimation of Blood  Necr           54%          0%          2
i - Borgnjor's Vile Clut  Necr/Erth      52%          0%          5
j - Blink                 Tloc           N/A          1%          2
k - Dispel Undead         Necr           100%         0%          4

Your spell library contained the following spells:

 Spells                   Type           Power        Failure   Level
 Animate Skeleton         Necr           100%         0%          1
 Beastly Appendage        Tmut           100%         0%          1
 Magic Dart               Conj           100%         0%          1
 Pain                     Necr           100%         0%          1
 Sandblast                Erth           100%         0%          1
 Corpse Rot               Necr/Air       N/A          0%          2
 Passwall                 Tmut/Erth      78%          0%          2
 Searing Ray              Conj           100%         0%          2
 Wereblood                Tmut           85%          0%          2
 Stone Arrow              Conj/Erth      100%         0%          3
 Animate Dead             Necr           54%          0%          4
 Petrify                  Tmut/Erth      94%          0%          4
 Agony                    Necr           100%         0%          5
 Excruciating Wounds      Necr           54%          0%          5
 Lee's Rapid Deconstruct  Erth           51%          0%          5
 Death Channel            Necr           54%          0%          6
 Apportation              Tloc           64%          1%          1
 Corona                   Hex            56%          1%          1
 Foxfire                  Conj/Fire      100%         1%          1
 Freeze                   Ice            100%         1%          1
 Shock                    Conj/Air       100%         1%          1
 Summon Small Mammal      Summ           100%         1%          1
 Call Imp                 Summ           32%          1%          2
 Ensorcelled Hibernation  Hex/Ice        84%          1%          2
 Slow                     Hex            51%          1%          2
 Swiftness                Air            32%          1%          2
 Call Canine Familiar     Summ           32%          1%          3
 Confusing Touch          Hex            51%          1%          3
 Conjure Flame            Conj/Fire      68%          1%          3
 Dazzling Flash           Conj/Hex       100%         1%          3
 Gell's Gravitas          Tloc           16%          1%          3
 Ignite Poison            Fire/Tmut/Pois 56%          1%          3
 Inner Flame              Hex/Fire       42%          1%          3
 Mephitic Cloud           Conj/Pois/Air  59%          1%          3
 Portal Projectile        Hex/Tloc       84%          1%          3
 Spider Form              Tmut/Pois      32%          1%          3
 Static Discharge         Conj/Air       68%          1%          3
 Summon Guardian Golem    Hex/Summ       42%          1%          3
 Tukima's Dance           Hex            51%          1%          3
 Cause Fear               Hex            25%          1%          4
 Fulminant Prism          Conj/Hex       36%          1%          4
 Ice Form                 Ice/Tmut       65%          1%          4
 Iskenderun's Mystic Bla  Conj/Tloc      68%          1%          4
 Leda's Liquefaction      Hex/Erth       40%          1%          4
 Sticky Flame             Conj/Fire      68%          1%          4
 Blade Hands              Tmut           42%          1%          5
 Bolt of Magma            Conj/Fire/Erth 40%          1%          5
 Fireball                 Conj/Fire      34%          1%          5
 Irradiate                Conj/Tmut      44%          1%          5
 Iskenderun's Battlesphe  Conj           90%          1%          5
 Lightning Bolt           Conj/Air       34%          1%          5
 Yara's Violent Unravell  Hex/Tmut       35%          1%          5
 Simulacrum               Ice/Necr       40%          1%          6
 Statue Form              Tmut/Erth      62%          1%          6
 Orb of Destruction       Conj           45%          1%          7
 Necromutation            Tmut/Necr      49%          1%          8
 Lehudib's Crystal Spear  Conj/Erth      48%          2%          8
 Conjure Ball Lightning   Conj/Air       34%          3%          6
 Starburst                Conj/Fire      34%          3%          6
 Airstrike                Air            16%          4%          4
 Summon Ice Beast         Ice/Summ       32%          4%          4
 Summon Lightning Spire   Summ/Air       32%          4%          4
 Metabolic Englaciation   Hex/Ice        21%          7%          5
 Silence                  Hex/Air        21%          7%          5
 Summon Mana Viper        Hex/Summ       42%          7%          5
 Spellforged Servitor     Conj/Summ      34%          17%         7
 Invisibility             Hex            51%          21%         6
 Chain Lightning          Conj/Air       34%          77%         8
 Ignition                 Fire           16%          100%        8
 Shatter                  Erth           51%          13%         9
 Absolute Zero            Ice            16%          100%        9
 Fire Storm               Conj/Fire      34%          100%        9
 Tornado                  Air            16%          100%        9


Dungeon Overview and Level Annotations

Branches:
Dungeon (15/15)            Temple (0/1) D:7            Lair (6/6) D:8
 Shoals (4/4) Lair:3       Spider (4/4) Lair:3        Slime (0/5) Lair:6
    Orc (2/2) D:11            Elf (3/3) Orc:2        Vaults (4/5) D:14
  Crypt (0/3) Vaults:3     Depths (2/5) D:15        Ossuary (visited)
 Bailey (visited)           IceCv (visited)         Volcano (visited)
Gauntlet (visited)

Altars:
Ashenzari
Dithmenos
Elyvilon
Gozag
Kikubaaqudgha
Makhleb
Okawaru
Qazlal
Ru
Sif Muna
Trog
Vehumet
Wu Jian
The Shining One

Shops:
D:7 }[   D:10 [   Orc:2 :!(?   Shoals:4 (   Vaults:1 ((((   Vaults:3 [
Depths:1 (

Portals:
Hell: Lair:6
Pandemonium: Orc:2 Depths:2

Annotations:
D:5 Prince Ribbit
D:11 2 runed translucent doors, exclusion: orange crystal statue
Lair:6 exclusion: 2 oklob plants
Shoals:3 3 runed translucent doors, Glennnyy's ghost, adept GrFi; Keherigeeg's ghost, adept FoCK; qdestroyer's ghost, journeyman MiFi; xzight's ghost, adept MiBe
Elf:2 3 runed translucent doors
Depths:2 Asterion


Innate Abilities, Weirdness & Mutations

You are partially covered in iridescent scales. (AC +2)
Your flesh is cold resistant. (rC+)
Your body sometimes deteriorates upon taking damage.


Message History

Your body deteriorates!
You feel dopey.
Casting: Iron Shot (safe; 1% risk of failure)
Confirm with . or Enter, or press ? or * to list all spells.
Aiming: Iron Shot (safe; 1% risk of failure)
Press: ? - help, Shift-Dir - straight line, f/p - stone giant
Aim: a stone giant, quivering a large rock (severely wounded, constricted by zombie hands, 0% to evade)
The iron shot hits the stone giant!!!
You kill the stone giant!
Kikubaaqudgha accepts your kill.
Your death scarab crumbles into dust!
You feel your intelligence returning.
A stone giant comes into view.
Casting: Iron Shot (safe; 1% risk of failure)
Confirm with . or Enter, or press ? or * to list all spells.
Okay, then.
You swap places.
The stone giant throws a large rock.
The large rock barely misses your death scarab.
The large rock hits you!!!
You die...
Kikubaaqudgha rasps: "You have failed me!
Welcome... death!"

## .## ###.# . ..#
##...# ## .. #.#
##....##.# # ... ♣.♣
##.....#..####
....#♣♣B♣♣#..........##.
..C..(B@B...............
...(#♣♣B♣♣#.............
... ♣.♣ #.............
.# #.# #.............
... .............. ...
..............
........... ..........
.........


You could see a stone giant and 4 friendly death scarabs.

Vanquished Creatures
  Margery (Vaults:4)
  2 deep elf blademasters (Elf:3)
  A sphinx (Vaults:3)
  Gastronok (Lair:2)
  Donald (Elf:2)
  3 tengu reavers
  2 fire giants
  7 deep elf sorcerers
  5 vault wardens
  Louise (Shoals:4)
  9 deep elf elementalists (Elf:3)
  A ghost moth (Spider:4)
  2 emperor scorpions (Spider:4)
  A ghoul (Vaults:2)
  10 stone giants
  6 deep elf demonologists
  11 ironheart preservers
  3 entropy weavers
  A minotaur (Gauntlet)
  4 deep elf annihilators (Elf:3)
  4 ettins
  3 deep elf death magi
  A green death (Depths:2)
  6 merfolk impalers
  4 merfolk javelineers (Shoals:4)
  An ettin (shapeshifter) (Vaults:1)
  4 yaktaur captains
  Fannar (Lair:1)
  3 deep elf high priests
  2 rakshasas
  3 fire dragons
  3 great orbs of eyes
  A monstrous demonspawn (Depths:2)
  2 ice dragons
  6 hydras
  9 boulder beetles
  Erica (Lair:2)
  4 centaur warriors
  4 merfolk avatars
  5 merfolk aquamancers
  Erolcha (Orc:1)
  3 vault guards
  A two-headed ogre (shapeshifter) (Elf:1)
  An alligator snapping turtle (Shoals:4)
  A tengu warrior (D:15)
  7 death yaks
  29 two-headed ogres
  2 deep troll earth magi
  14 dancing weapons
  4 death knights
  A deep troll shaman (Depths:1)
  15 ogre magi
  2 vampire magi (Depths:1)
  A thrashing horror (Gauntlet)
  8 orc high priests
  3 soul eaters (Orc:2)
  A salamander mystic (Volcano)
  5 hell knights
  5 skeletal warriors (Vaults:1)
  10 deep elf knights
  A sixfirhy (Lair:6)
  2 shadow wraiths
  An unseen horror (D:14)
  2 fire crabs
  A glowing orange brain (Vaults:3)
  A torturous demonspawn (Orc:2)
  10 sea snakes
  A flayed ghost (Vaults:4)
  11 deep trolls
  A lindwurm (shapeshifter) (D:15)
  4 phantasmal warriors
  5 wizards
  15 deep elf archers
  A harpy (shapeshifter) (D:14)
  3 oklob plants
  3 necromancers
  9 orc knights
  23 wolf spiders
  2 lindwurms (Lair:2)
  13 orb spiders
  25 harpies
  20 ugly things
  6 ironbrand convokers
  11 orc sorcerers
  49 deep elf magi
  15 manticores
  2 fauns
  A manticore (shapeshifter) (D:13)
  6 salamanders (Volcano)
  15 elephants
  An elephant (shapeshifter) (Depths:2)
  7 cyclopes
  2 moths of wrath
  6 water nymphs
  4 black mambas
  5 centaur zombies (D:15)
  A guardian serpent (shapeshifter) (Vaults:4)
  5 merfolk sirens
  14 cane toads
  3 spectral swamp worms (Depths:1)
  An ice statue (Lair:2)
  A naga mage (D:15)
  An orange demon (Lair:6)
  A torpor snail (Spider:2)
  10 vault sentinels
  A redback zombie (D:14)
  14 yaktaurs
  5 freezing wraiths
  A hellwing (Lair:6)
  7 rime drakes
  7 komodo dragons
  An efreet (D:13)
  6 demonic crawlers
  3 ice devils
  2 red devils (Lair:6)
  A queen bee (shapeshifter) (Vaults:4)
  27 merfolk
  15 jumping spiders
  6 trolls
  3 meliai (shapeshifter)
  2 wind drakes (Shoals:4)
  3 meliai (Gauntlet)
  3 polar bears
  3 hornets
  A slime creature (D:12)
  22 blink frogs
  Grinder (D:3)
  A troll (shapeshifter) (D:15)
  A wind drake (shapeshifter) (Elf:2)
  9 dream sheep
  A raiju (shapeshifter) (D:14)
  9 snapping turtles
  2 ynoxinuls (Orc:2)
  18 tarantellas
  33 redbacks
  10 water elementals
  7 wyverns
  A fire elemental (Elf:1)
  A hog (shapeshifter) (Elf:3)
  3 wraiths
  A fire bat (Shoals:1)
  35 yaks
  8 basilisks
  A golden eye (shapeshifter) (Vaults:4)
  A steam dragon (D:8)
  A warg (Orc:1)
  A chaos spawn (Depths:2)
  9 vampire mosquitoes
  A soldier ant (D:10)
  4 hell hounds (Lair:6)
  14 water moccasins
  2 small abominations (Gauntlet)
  A meliai simulacrum (D:13)
  42 orc warriors
  9 ice beasts
  A sky beast (D:9)
  22 ogres
  3 phantoms
  3 boggarts
  16 centaurs
  A necrophage (D:10)
  17 wolves
  A wolf (shapeshifter) (Elf:3)
  2 big kobolds
  17 bullfrogs
  A wyvern zombie (D:14)
  A big kobold (shapeshifter) (Vaults:2)
  A glowing shapeshifter simulacrum (Vaults:3)
  4 water moccasin zombies (Ossuary)
  4 earth elementals
  A wyvern skeleton (D:14)
  6 scorpions
  3 wights (D:7)
  8 killer bees
  3 vampire bats (Lair:5)
  3 electric eels
  7 howler monkeys
  2 bullfrog zombies
  4 quasits
  2 gnoll shamans (D:6)
  5 hounds
  3 jellies
  5 centaur skeletons
  Crazy Yiuf (D:3)
  2 bullfrog skeletons
  35 orc priests
  4 iguanas
  14 worker ants
  A hell rat (Lair:6)
  23 orc wizards
  4 big kobold zombies (Ossuary)
  A hound skeleton (D:5)
  2 mummies (Ossuary)
  3 worker ant zombies
  21 gnolls
  13 adders
  2 shadow imps
  3 white imps
  6 ufetubi
  An ooze (D:5)
  4 adder zombies
  4 worms
  9 leopard geckos
  104 orcs
  2 ball pythons
  8 bats
  4 giant cockroaches
  6 gnoll zombies (Ossuary)
  43 goblins
  29 hobgoblins
  10 jackals
  5 quokkas
  3 frilled lizards
  3 hobgoblin zombies (Ossuary)
  32 kobolds
  6 kobold zombies (Ossuary)
  A leopard gecko skeleton (D:7)
  A leopard gecko zombie (D:6)
  4 orc zombies (Ossuary)
  A quokka zombie (D:5)
  3 rats (D:1)
  A bush (Shoals:4)
1499 creatures vanquished.

Vanquished Creatures (collateral kills)
  Sojobo (Vaults:4)
  A tentacled monstrosity (Vaults:1)
  A deep elf master archer (Elf:3)
  An orc warlord (Elf:3)
  3 ghost moths
  3 vault wardens
  4 ironheart preservers
  A stone giant (Vaults:1)
  3 emperor scorpions
  4 deep elf annihilators (Elf:3)
  A deep elf demonologist (Elf:3)
  An entropy weaver (Spider:4)
  A merfolk javelineer (Shoals:3)
  A fire dragon (Depths:1)
  4 yaktaur captains
  A rakshasa (Depths:1)
  6 ogre magi
  2 ice dragons (IceCv)
  9 vault guards
  A death knight (Vaults:2)
  A centaur warrior (Vaults:2)
  A merfolk avatar (Shoals:1)
  31 two-headed ogres
  3 dancing weapons
  A deep troll shaman (Vaults:4)
  An orc high priest (Orc:2)
  2 tengu warriors
  A hell knight (Vaults:4)
  4 deep elf knights
  A shadow wraith (Vaults:3)
  3 deep trolls (Vaults:4)
  4 ironbrand convokers (Vaults:1)
  A wizard (Vaults:1)
  A glowing orange brain (Vaults:3)
  8 deep elf magi
  9 orc knights
  5 orb spiders
  12 harpies
  6 ugly things
  11 wolf spiders
  An orc sorcerer (Elf:2)
  2 manticores
  2 fauns (Shoals:2)
  A moth of wrath (Spider:2)
  A merfolk siren (Shoals:4)
  An eye of devastation (shapeshifter) (Vaults:2)
  A guardian serpent (shapeshifter) (Vaults:2)
  2 ice statues (IceCv)
  A centaur skeleton (D:14)
  A rime drake (IceCv)
  A freezing wraith (Vaults:2)
  A komodo dragon (D:13)
  6 yaktaurs
  6 demonic crawlers
  9 merfolk
  2 polar bears (D:13)
  24 jumping spiders
  3 hornets
  4 snapping turtles
  2 trolls
  4 slime creatures
  A dream sheep (Shoals:3)
  A human simulacrum (Vaults:1)
  59 redbacks
  2 air elementals (Elf:2)
  A tarantella (shapeshifter) (Vaults:2)
  A wyvern (D:15)
  16 tarantellas
  A water elemental (D:13)
  Grum (Lair:1)
  A human (shapeshifter) (Vaults:1)
  A yak (D:14)
  A fire bat (Shoals:1)
  A warg (Vaults:2)
  2 acid dragons
  A sky beast (D:12)
  14 orc warriors
  11 ice beasts
  7 boggarts
  19 ogres
  5 centaurs
  3 bullfrogs
  2 killer bees (D:13)
  2 wights
  An electric eel (D:13)
  4 orc priests
  7 orc wizards
  A white imp (D:13)
  17 orcs
  3 goblins
  A hobgoblin (D:4)
417 creatures vanquished.

Vanquished Creatures (others)
  A wizard (Vaults:3)
  2 dancing weapons
  An orc (Vaults:2)
  2 bushes
  50 fungi
  100 plants
  4 tentacles (Shoals:1)
  9 toadstools (Lair:2)
  2 withered plants (Shoals:3)
171 creatures vanquished.

Grand Total: 2087 creatures vanquished

Notes
Turn   | Place    | Note
-------+----------+-------------------------------------------
     0 | D:1      | suipiss the Deep Elf Necromancer began the quest for the
                  | Orb.
     0 | D:1      | Reached XP level 1. HP: 10/10 MP: 6/6
   299 | D:1      | Reached skill level 5 in Necromancy
   375 | D:1      | Reached XP level 2. HP: 12/15 MP: 5/8
  1444 | D:2      | Found a faded altar of an unknown god.
  1560 | D:2      | Found an ornate altar of the Wu Jian Council.
  1757 | D:2      | Reached XP level 3. HP: 14/19 MP: 5/10
  1925 | D:2      | Found a sacrificial altar of Ru.
  1934 | D:2      | Learned a level 3 spell: Vampiric Draining
  2376 | D:3      | Found a runed translucent door.
  2377 | D:3      | Noticed Crazy Yiuf
  2536 | D:3      | Reached XP level 4. HP: 18/24 MP: 4/12
  2542 | D:3      | Learned a level 4 spell: Animate Dead
  2689 | D:3      | Found a bloodstained altar of Trog.
  2689 | D:3      | Found a shadowy altar of Dithmenos.
  2690 | D:3      | Found a white marble altar of Elyvilon.
  2690 | D:3      | Found a glowing golden altar of the Shining One.
  2918 | D:3      | Found a shimmering blue altar of Sif Muna.
  3244 | D:3      | Noticed Grinder
  3250 | D:3      | Reached skill level 6 in Necromancy
  3261 | D:3      | Paralysed by Grinder for 4 turns
  3419 | D:4      | Reached skill level 5 in Spellcasting
  3497 | D:4      | Reached XP level 5. HP: 25/28 MP: 10/14
  3505 | D:4      | Learned a level 5 spell: Agony
  4286 | D:4      | Found a stormy altar of Qazlal.
  4521 | D:4      | Reached skill level 1 in Shields
  4521 | D:4      | Reached XP level 6. HP: 32/32 MP: 5/16
  5353 | D:5      | Entered Level 5 of the Dungeon
  5513 | D:5      | Reached skill level 7 in Necromancy
  5680 | D:5      | Reached XP level 7. HP: 7/36 MP: 18/18
  6684 | D:5      | Found Misov's General Store.
  6759 | D:4      | Learned a level 3 spell: Dazzling Flash
  7018 | D:3      | Found an iron altar of Okawaru.
  7214 | D:3      | Killed Crazy Yiuf
  7320 | D:3      | Paralysed by Grinder for 2 turns
  7333 | D:3      | Killed Grinder
  7334 | D:3      | Reached skill level 5 in Dodging
  7334 | D:3      | Reached skill level 1 in Conjurations
  7334 | D:3      | Reached skill level 1 in Hexes
  7334 | D:3      | Reached skill level 8 in Necromancy
  7334 | D:3      | Reached XP level 8. HP: 27/41 MP: 9/21
  8286 | D:5      | Learned a level 3 spell: Tukima's Dance
  8384 | D:6      | Noticed Prince Ribbit
  8422 | D:5      | Gained mutation: Your flesh is cold resistant. (rC+)
                  | [potion of mutation]
  8422 | D:5      | Gained mutation: Your body sometimes deteriorates upon
                  | taking damage. [potion of mutation]
  8422 | D:5      | Gained mutation: You are partially covered in iridescent
                  | scales. (AC +2) [potion of mutation]
  9307 | D:6      | Found an ancient bone altar of Kikubaaqudgha.
  9335 | D:6      | Became a worshipper of Kikubaaqudgha
  9359 | D:6      | Reached skill level 1 in Armour
  9532 | D:6      | Reached skill level 9 in Necromancy
  9765 | D:7      | Found Ifainne's Armour Shop.
  9779 | D:7      | Reached XP level 9. HP: 45/45 MP: 16/23
  9934 | D:7      | Found a sand-covered staircase.
  9947 | Ossuary  | Entered an ossuary
 10056 | Ossuary  | Reached * piety under Kikubaaqudgha
 10056 | Ossuary  | Identified Kikubaaqudgha's Handbook of Unholy Secrets
                  | (Kikubaaqudgha gifted it to you in an ossuary)
 10056 | Ossuary  | Received a gift from Kikubaaqudgha
 10064 | Ossuary  | Learned a level 2 spell: Corpse Rot
 10088 | Ossuary  | Learned a level 2 spell: Sublimation of Blood
 10883 | D:7      | Found Zoseeh's Gadget Shop.
 10957 | D:7      | Found an opulent altar of Gozag.
 11058 | D:7      | Found a staircase to the Ecumenical Temple.
 11438 | D:7      | Reached ** piety under Kikubaaqudgha
 11520 | D:7      | Reached skill level 5 in Conjurations
 12033 | D:8      | Found a flagged portal.
 12050 | Bailey   | Entered a bailey
 12332 | Bailey   | Noticed an orc knight
 12341 | Bailey   | Killed an orc knight
 12342 | Bailey   | Reached skill level 10 in Necromancy
 12734 | D:8      | Reached skill level 10 in Spellcasting
 12812 | D:8      | Noticed a komodo dragon
 12816 | D:8      | Reached XP level 10. HP: 50/50 MP: 26/26
 12825 | D:8      | Reached skill level 1 in Earth Magic
 12960 | D:8      | Learned a level 5 spell: Borgnjor's Vile Clutch
 13084 | D:8      | Found a staircase to the Lair.
 13479 | D:8      | Reached *** piety under Kikubaaqudgha
 13479 | D:8      | Identified Kikubaaqudgha's Volume of Darkness
                  | (Kikubaaqudgha gifted it to you on level 8 of the Dungeon)
 13479 | D:8      | Received a gift from Kikubaaqudgha
 14519 | D:7      | Bought the +5 robe of Night {Dark Will+ SInv} for 840 gold
                  | pieces
 14519 | D:7      | Found the +5 robe of Night {Dark Will+ SInv}
 14519 | D:7      | Bought a scarf of resistance for 448 gold pieces
 15947 | D:10     | Entered Level 10 of the Dungeon
 16018 | D:10     | Reached skill level 11 in Necromancy
 16214 | D:10     | Found Wejim's Armour Shop.
 16250 | D:10     | Learned a level 2 spell: Blink
 16312 | D:10     | Reached **** piety under Kikubaaqudgha
 16701 | D:10     | Reached XP level 11. HP: 54/54 MP: 10/28
 17367 | D:11     | Found a runed translucent door.
 17422 | D:11     | Found the +10 tower shield of Ignorance {rN+ Int-4}
 17427 | D:11     | Found a runed translucent door.
 17428 | D:11     | Noticed an orange crystal statue
 17845 | D:11     | Reached skill level 5 in Earth Magic
 17906 | D:11     | Found a staircase to the Orcish Mines.
 18849 | Lair:1   | Entered Level 1 of the Lair of Beasts
 18855 | Lair:1   | Noticed Fannar
 18869 | Lair:1   | Killed Fannar
 19166 | Lair:1   | Noticed Grum
 19342 | Lair:1   | Killed Grum
 19482 | Lair:1   | Noticed an oklob plant
 19482 | Lair:1   | Noticed an oklob plant
 19726 | Lair:1   | Killed an oklob plant
 19730 | Lair:1   | Killed an oklob plant
 19731 | Lair:1   | Reached skill level 12 in Necromancy
 19940 | Lair:1   | Learned a level 4 spell: Dispel Undead
 19949 | Lair:1   | Found a glowing golden altar of the Shining One.
 21063 | Lair:2   | Learned a level 3 spell: Stone Arrow
 21153 | Lair:2   | Noticed Gastronok
 21162 | Lair:2   | Killed Gastronok
 21163 | Lair:2   | Reached XP level 12. HP: 59/59 MP: 10/30
 21381 | Lair:2   | Noticed Erica
 21393 | Lair:2   | Killed Erica
 21710 | Lair:2   | Found a runed translucent door.
 22224 | Lair:2   | Noticed a death yak
 22229 | Lair:2   | Killed a death yak
 22921 | Lair:3   | Reached skill level 10 in Conjurations
 22921 | Lair:3   | Reached skill level 13 in Necromancy
 23065 | Lair:3   | Noticed a boulder beetle
 23077 | Lair:3   | Killed a boulder beetle
 23257 | Lair:3   | Noticed a five-headed hydra
 23261 | Lair:3   | Killed a five-headed hydra
 23310 | Lair:3   | Found a white marble altar of Elyvilon.
 23707 | Lair:3   | Found a hole to the Spider Nest.
 23978 | Lair:3   | Found a staircase to the Shoals.
 24686 | Lair:4   | Noticed a seven-headed hydra
 24691 | Lair:4   | Killed a seven-headed hydra
 24836 | Lair:4   | Reached XP level 13. HP: 63/63 MP: 32/32
 25171 | Lair:4   | You fall into a shaft and drop 2 floors!
 25171 | Lair:6   | Entered Level 6 of the Lair of Beasts
 25303 | Lair:6   | Reached ***** piety under Kikubaaqudgha
 26499 | Lair:5   | Reached skill level 10 in Dodging
 26693 | Lair:5   | Reached skill level 14 in Necromancy
 27527 | Lair:6   | Reached skill level 10 in Earth Magic
 28304 | Lair:6   | Reached skill level 15 in Spellcasting
 28577 | Lair:6   | Got a clouded brass amulet
 28578 | Lair:6   | Identified the amulet of Ityoran {+Inv rN+ Regen+ Str+4}
                  | (You found it on level 6 of the Lair of Beasts)
 28853 | Lair:6   | Reached skill level 1 in Evocations
 28853 | Lair:6   | Reached XP level 14. HP: 68/68 MP: 18/35
 29762 | Lair:6   | Found a staircase to the Slime Pits.
 30174 | Lair:6   | Found a burning altar of Makhleb.
 30547 | Lair:6   | Reached skill level 15 in Necromancy
 30658 | Lair:6   | Found a gateway to Hell.
 30671 | Lair:6   | Got a fine platinum ring
 30673 | Lair:6   | Identified the ring "Dacuduh" {rN+ Int+2 Dex+2} (You found
                  | it on level 6 of the Lair of Beasts)
 30781 | Lair:5   | Learned a level 6 spell: Death Channel
 30787 | Lair:5   | Learned a level 5 spell: Lee's Rapid Deconstruction
 30993 | Orc:1    | Entered Level 1 of the Orcish Mines
 31062 | Orc:1    | Reached ****** piety under Kikubaaqudgha
 31370 | Orc:1    | Found a dark tunnel.
 31373 | Volcano  | Entered a volcano
 31600 | Volcano  | Found a bloodstained altar of Trog.
 32063 | Orc:1    | Noticed Erolcha
 32067 | Orc:1    | Killed Erolcha
 32585 | Orc:2    | Entered Level 2 of the Orcish Mines
 33256 | Orc:2    | Found Atha's Magic Scroll Shoppe.
 33268 | Orc:2    | Found Raroge's Distillery.
 33487 | Orc:2    | Found a staircase to the Elven Halls.
 33989 | Orc:2    | Bought a scroll of blinking for 120 gold pieces
 33989 | Orc:2    | Bought a scroll of fog for 32 gold pieces
 33989 | Orc:2    | Bought a scroll of fog for 32 gold pieces
 34051 | Orc:2    | Reached XP level 15. HP: 62/72 MP: 3/37
 34513 | Orc:2    | Found Cuqej's Antique Weapon Shop.
 34513 | Orc:2    | Found Muitey's Book Boutique.
 34514 | Orc:2    | Found a one-way gate leading to the halls of Pandemonium.
 34520 | Orc:2    | Bought a translucent war axe for 297 gold pieces
 34520 | Orc:2    | Identified the +8 war axe of the Purse {flame, rElec rF-
                  | MP+9 Str-3} (You bought it in a shop on level 2 of the
                  | Orcish Mines)
 34521 | Orc:2    | Received a gift from Kikubaaqudgha
 34538 | Orc:2    | Learned a level 8 spell: Infestation
 35175 | D:12     | Reached skill level 16 in Necromancy
 35672 | D:12     | Reached skill level 1 in Transmutations
 36524 | D:13     | Found a frozen archway.
 36532 | IceCv    | Entered an ice cave
 37245 | D:13     | Found an opulent altar of Gozag.
 38517 | D:14     | Found a gate leading to a gauntlet.
 38528 | Gauntlet | Entered a Gauntlet
 38528 | Gauntlet | Found a transporter.
 38589 | Gauntlet | Found a transporter.
 38604 | Gauntlet | Found a transporter.
 38608 | Gauntlet | Found a transporter.
 38625 | Gauntlet | Found a transporter.
 38638 | Gauntlet | Found a transporter.
 38643 | Gauntlet | Found a transporter.
 38647 | Gauntlet | Found a transporter.
 38675 | Gauntlet | Found a transporter.
 38693 | Gauntlet | Found a transporter.
 38694 | Gauntlet | Found a transporter.
 38711 | Gauntlet | Found a transporter.
 38779 | Gauntlet | Learned a level 8 spell: Borgnjor's Revivification
 39056 | Gauntlet | Got a heavily runed jade ring
 39063 | Gauntlet | Identified the ring "Keusicof" {Ice Will- Dex+8} (You found
                  | it in a Gauntlet)
 39103 | Gauntlet | Identified the ring "Figoq" {Fire rPois Will- SInv}
 39120 | Gauntlet | Got an ichor-stained spear
 39121 | Gauntlet | Identified the cursed +0 spear "Ebumpew" {drain, rPois rN+
                  | Dex-4} (You found it in a Gauntlet)
 39465 | D:14     | Found a gate to the Vaults.
 40447 | D:15     | Entered Level 15 of the Dungeon
 41273 | D:15     | Reached skill level 5 in Transmutations
 42336 | D:15     | Reached XP level 16. HP: 76/76 MP: 36/39
 42503 | D:15     | Found a staircase to the Depths.
 42991 | Shoals:1 | Entered Level 1 of the Shoals
 43564 | Shoals:1 | Reached skill level 17 in Necromancy
 43982 | Shoals:1 | Noticed a kraken
 46329 | Shoals:2 | Noticed a kraken
 46681 | Shoals:3 | Found a runed translucent gate.
 46682 | Shoals:3 | Found a runed translucent gate.
 46683 | Shoals:3 | Found a runed translucent gate.
 46683 | Shoals:3 | Noticed qdestroyer's ghost (journeyman MiFi)
 46683 | Shoals:3 | Noticed Keherigeeg's ghost (adept FoCK)
 46683 | Shoals:3 | Noticed Glennnyy's ghost (adept GrFi)
 46684 | Shoals:3 | Noticed xzight's ghost (adept MiBe)
 46924 | Shoals:4 | Entered Level 4 of the Shoals
 47160 | Shoals:4 | Noticed Louise
 47248 | Shoals:4 | Killed Louise
 48902 | Shoals:4 | Reached XP level 17. HP: 80/80 MP: 20/41
 49187 | Shoals:4 | Got a barnacled rune of Zot
 49520 | Shoals:4 | Got an iridescent arbalest
 49521 | Shoals:4 | Identified the +3 arbalest of Freehold {elec, rF+ Int+3}
                  | (You found it on level 4 of the Shoals)
 49714 | Shoals:4 | Found Gojuh's Antique Weapon Emporium.
 50114 | Shoals:4 | Reached skill level 18 in Necromancy
 50496 | Shoals:4 | Identified the cursed +1 scimitar of Fiotecw {vorpal, rF-
                  | Will- Int+3 Dex+9}
 50878 | Shoals:4 | Learned a level 7 spell: Haunt
 50994 | Spider:1 | Entered Level 1 of the Spider Nest
 54389 | Spider:3 | Reached skill level 10 in Transmutations
 54897 | Spider:4 | Entered Level 4 of the Spider Nest
 56963 | Spider:4 | Reached XP level 18. HP: 80/85 MP: 11/43
 57936 | Spider:4 | Got a gossamer rune of Zot
 57978 | Spider:4 | Learned a level 9 spell: Death's Door
 58260 | Elf:1    | Entered Level 1 of the Elven Halls
 59004 | Elf:1    | Reached skill level 19 in Necromancy
 59951 | Elf:2    | Found a portal to a secret trove of treasure.
 60064 | Elf:2    | You paid a toll of 16 scrolls of teleportation to enter a
                  | treasure trove
 60065 | Trove    | Entered a treasure trove
 60082 | Trove    | Identified the Disquisition on the Oath and Snow
 60099 | Trove    | Identified Sif Muna's Almanac of Confrontation
 60102 | Trove    | Identified Syte's Tome of Bewitchment
 60109 | Trove    | Identified Wuidd's Almanac of Confrontation
 60135 | Trove    | Identified the Almanac of Lethal Transmigration
 60152 | Trove    | Learned a level 6 spell: Iron Shot
 60939 | Elf:2    | Found an ancient bone altar of Kikubaaqudgha.
 61333 | Elf:2    | Found a runed translucent gate.
 61333 | Elf:2    | Found a runed translucent gate.
 61333 | Elf:2    | Found a runed translucent gate.
 61396 | Elf:2    | Noticed Donald
 61400 | Elf:2    | Killed Donald
 61676 | Elf:3    | Entered Level 3 of the Elven Halls
 62942 | Elf:3    | Found a radiant altar of Vehumet.
 63249 | Elf:3    | Reached XP level 19. HP: 48/89 MP: 28/45
 65146 | Elf:3    | Identified the +8 hand axe of the Moon {vorpal, rC+}
 65308 | Elf:3    | Noticed a Tzitzimitl
 65889 | Elf:3    | Reached skill level 15 in Conjurations
 66011 | Elf:3    | Reached skill level 20 in Necromancy
 66479 | Vaults:1 | Entered Level 1 of the Vaults
 66479 | Vaults:1 | Found Yriteg's Antique Weapon Shop.
 66668 | Vaults:1 | Found Vuzoilar's Weapon Shop.
 66894 | Vaults:1 | Reached skill level 15 in Dodging
 67118 | Vaults:1 | Found Dousaf's Weapon Emporium.
 67572 | Vaults:1 | Found a gateway to a bazaar.
 67585 | Bazaar   | Entered a bazaar
 67586 | Bazaar   | Found Awyestra's Book Shop.
 67598 | Bazaar   | Found Eppyzej's Gadget Shop.
 67605 | Bazaar   | Found Gauv's Antique Armour Boutique.
 67635 | Bazaar   | Found Qimeseir's Jewellery Emporium.
 67642 | Bazaar   | Found Cyuzxeen's Antique Armour Boutique.
 67666 | Bazaar   | Bought a book of Annihilations for 1324 gold pieces
 67682 | Bazaar   | Bought runed fire dragon scales for 1323 gold pieces
 67682 | Bazaar   | Bought a pair of heavily runed gloves for 199 gold pieces
 67699 | Bazaar   | Identified the cursed +0 pair of gloves of Words of Power
                  | {rN+} (You bought it in a shop in a bazaar)
 67990 | Vaults:1 | Reached skill level 15 in Earth Magic
 68484 | Vaults:1 | Reached XP level 20. HP: 94/94 MP: 30/47
 68818 | Vaults:1 | Found Tegoopri's Weapon Shop.
 69972 | Vaults:2 | Reached skill level 21 in Necromancy
 72979 | Vaults:3 | Found a broken altar of Ashenzari.
 73297 | Vaults:3 | Reached skill level 22 in Necromancy
 73800 | Vaults:3 | Identified the +1 war axe of Gymu {drain, +Rage rF+ Dex-2}
 73966 | Vaults:3 | Found Qiyss's Armour Shoppe.
 75120 | Vaults:3 | Reached XP level 21. HP: 94/94 MP: 18/48
 75756 | Vaults:3 | Found a staircase to the Crypt.
 77309 | Vaults:4 | Reached skill level 23 in Necromancy
 77364 | Vaults:4 | Found an ornate altar of the Wu Jian Council.
 77506 | Vaults:4 | Got a smoking robe
 77507 | Vaults:4 | Identified the cursed +0 robe of Insecurity {rN+ Int+4}
                  | (You found it on level 4 of the Vaults)
 77640 | Vaults:4 | Noticed Sojobo
 77653 | Vaults:4 | Killed Sojobo
 78507 | Vaults:4 | Noticed Margery
 79002 | Vaults:4 | Killed Margery
 79759 | Depths:1 | Entered Level 1 of the Depths
 80080 | Depths:1 | Found Hoaxeace's Weapon Emporium.
 80337 | Depths:1 | You fall into a shaft and drop 1 floor!
 80684 | Depths:2 | Noticed Asterion
 81117 | Depths:1 | Hit by a large rock thrown by a stone giant

Illustrated notes

Levels and vault maps discovered:
D:1:      onia_arrival_mini_maze_b, layout_basic, st_stairs_7,
          chequers_serial_rivers_small_a, minmay_tromino_v7
D:2:      layout_loops_cross, pdpol_wu_jian_five_deadly_venoms,
          nicolae_ru_great_annihilating_truth, chequers_ecumenical_altar_simple
D:3:      layout_basic, lemuel_coloured_pillars_altar,
          grunt_temple_overflow_open, lemuel_blue_sif_altar,
          uniq_crazy_yiuf_cottage, uniq_grinder
D:4:      minmay_goblin_kobold_castle, layout_basic,
          nicolae_qazlal_general_emergency
D:5:      minmay_thinvault, layout_gridville, serial_shops, shop
D:6:      layout_rooms, basic_altar, minmay_stone_trees_small,
          uniq_prince_ribbit1
D:7:      layout_layer_cave, nicolae_overflow_crystal_walls,
          minmay_temple_entry_overgrown, serial_shops, shop,
          kennysheep_mini_moat, nicolae_ossuary_entry_plus,
          minmay_misc_feat_tower
D:8:      layout_basic, erik_lair_dragon, enter_bailey_3, serial_glass,
          glass_columns_a, glass_columns_b, due_unseen_surprise
D:9:      layout_loops_corners
D:10:     layout_roguey, serial_shops, shop_statue
D:11:     layout_stronghold, orc_0_dummy, chequers_guarded_unrand_ignorance
D:12:     layout_irregular_city
D:13:     layout_stronghold, serial_ice, serial_ice_c, serial_ice_f,
          serial_ice_i, serial_ice_m, portal_ice_cave_entry_pillars_1,
          serial_bayou_pond_d, grunt_gozag_breadcrumbs
D:14:     layout_long_grid, skrybe_vaults_entry_preservation,
          gauntlet_entry_generic, chequers_decorated_corner, lemuel_statue_altar
D:15:     grunt_enter_depths_magical_seal, layout_irregular_city,
          skrybe_limestone_x, grunt_ministairs_14, drop_trap
Lair:1:   layout_gridlike, amcnicky_altar_gilded, minmay_lair_oklob_chamber,
          uniq_grum, uniq_fannar
Lair:2:   gammafunk_lair_enchanted_lake, layout_chaotic_city, ice2_lemuel,
          infiniplex_staircase_pool, serial_bayou_shore_b, uniq_gastronok,
          uniq_erica
Lair:3:   layout_cellular_growth, minmay_shoals_entry_hut,
          spider_nest_entry_funnel_web, lemuel_oklob_altar, lemuel_fruit_fields
Lair:4:   layout_roguey, grunt_megastairs_5, infiniplex_staircase_pool_2
Lair:5:   layout_small_grid, roderic_batcave, grunt_megastairs_4
Lair:6:   evil_forest, layout_misc_corridors, minmay_slime_entry_oklob_enclosed
Shoals:1: layout_shoals, hangedman_shoal_volcano
Shoals:2: layout_shoals, st_cyclops
Shoals:3: layout_shoals, gammafunk_ghost_cemetery
Shoals:4: shoals_end_simple, layout_shoals, serial_shops, shop, yaktaur_hedge,
          uniq_louise
Spider:1: layout_spider_delve
Spider:2: layout_chambers
Spider:3: layout_spider_delve, spiders_nest_ghost_moth_duel
Spider:4: grunt_spider_rune_island
Orc:1:    layout_diamond_mine, nicolae_volcano_entry_s_turn,
          nicolae_orc_sculptors_studio, uniq_erolcha
Orc:2:    pf_orc_diabolical, layout_caves
Elf:1:    eino_elf_arrival_sip, layout_geoelf_octagon,
          kennysheep_underground_church
Elf:2:    layout_geoelf_octagon, enter_trove_0, basic_altar,
          minmay_misc_feat_cross, uniq_donald
Elf:3:    minmay_elf_hall_x, layout_rooms, special_room [special_room_orc],
          basic_altar
Vaults:1: vaults_mumra_lcd, v_pattern_1, dpeg_vaults_monster_row,
          vaults_room_hallway, hangedman_vaults_nodes, vaults_room_boxed,
          st_cells, layout_vaults_omnigrid, serial_shops, bzr_entry_gold,
          nicolae_shop_crystal, shop, nicolae_shop_overgrown_old_shop, shop
Vaults:2: grunt_vaults_bifocal, v_misc_3, hangedman_vaults_locks,
          grunt_vaults_trifunnel, nicolae_vaults_puzzle_piece,
          nicolae_vaults_little_squares_1, hangedman_vaults_pinch,
          ontoclasm_vaults_spin, nicolae_vaults_little_squares_6,
          vaults_room_pool, layout_vaults_ring
Vaults:3: nicolae_vaults_network_quincunx
          [nicolae_vaults_network_quincunx_subvault,
          nicolae_vaults_network_quincunx_subvault,
          nicolae_vaults_network_quincunx_subvault,
          nicolae_vaults_network_quincunx_subvault,
          nicolae_vaults_network_quincunx_subvault], vaults_room_corners,
          hangedman_vaults_maws, blue_anna_dwarven_crypt, vaults_dpeg_spiral,
          nicolae_vaults_network_s, v_misc_31, v_alt_pattern_4,
          vaults_room_large_hall, vaults_room_hangedman_quadrants,
          nicolae_vaults_mini_display_case, nicolae_vaults_asterisk,
          layout_vaults_omnicross, serial_shops, nicolae_shop_trees, basic_altar
Vaults:4: vaults_standard_mumra_enter_the_diamond, v_misc_4,
          vaults_room_ringed_pool, layout_vaults_big_room, basic_altar,
          uniq_margery, uniq_sojobo
Depths:1: layout_cave_shapes, serial_shops, shop, hangedman_decor_growths,
          pf_hell_entry_tar_river, nicolae_transmutations_shop,
          minmay_tree_intersection, lemuel_old_faithful
Depths:2: minmay_two_paths, layout_gridville, rand_demon_pan_entry_7,
          hell_entry, minmay_misc_feat_x, st_stairs_14, kennysheep_small_circle,
          infiniplex_staircase_door_maze, minmay_shop_star, uniq_aizul,
          uniq_bai_suzhen, uniq_asterion

Skill      XL: |  1  2  3  4  5  6  7  8  9 10 11 12 13 14 15 16 17 18 19 20 21 |
---------------+----------------------------------------------------------------+-----
Necromancy     | 5 6 7 8 9 10 11 12 13 14 15 16 17 18 19 20 22 23 | 23.0
Dodging        | 3 4 5 6 7 8 9 10 11 12 13 14 15 | 15.0
Spellcasting   | 4 5 6 7 8 10 11 12 13 15 16 17 18 19 20 21 | 21.2
Shields        | 1 2 3 |  3.0
Conjurations   | 1 3 5 7 9 10 11 12 13 14 15 | 15.0
Hexes          | 1 2 3 |  3.0
Armour         | 1 3 |  3.2
Earth Magic    | 4 7 8 10 11 12 13 15 17 19 | 19.9
Evocations     | 1 3 |  3.0
Transmutations | 5 8 10 12 13 | 13.0
Stealth        | |  2.4

Action                   |  1- 3 |  4- 6 |  7- 9 | 10-12 | 13-15 | 16-18 | 19-21 || total
-------------------------+-------+-------+-------+-------+-------+-------+-------++-------
Melee: Dagger            |     5 |       |       |       |       |       |       ||     5
       Short sword       |     4 |   148 |   585 |   320 |   177 |       |       ||  1234
       Spear             |       |       |       |       |    19 |   110 |    26 ||   155
 Cast: Pain              |    57 |    58 |    28 |    56 |       |       |       ||   199
       Vampiric Draining |       |    26 |    52 |   118 |    80 |    87 |    24 ||   387
       Animate Dead      |       |     5 |     1 |     2 |       |       |       ||     8
       Dazzling Flash    |       |       |    27 |     1 |       |       |       ||    28
       Tukima's Dance    |       |       |    11 |     3 |       |       |       ||    14
       Borgnjor's Vile C |       |       |       |   102 |   253 |   342 |   283 ||   980
       Corpse Rot        |       |       |       |     8 |    10 |       |       ||    18
       Stone Arrow       |       |       |       |    60 |   323 |   379 |       ||   762
       Agony             |       |       |       |     4 |     2 |     1 |       ||     7
       Blink             |       |       |       |     1 |       |     1 |     2 ||     4
       Dispel Undead     |       |       |       |     1 |    30 |     7 |    17 ||    55
       Lee's Rapid Decon |       |       |       |       |     9 |       |       ||     9
       Death Channel     |       |       |       |       |     5 |       |       ||     5
       Infestation       |       |       |       |       |    23 |    47 |    38 ||   108
       Haunt             |       |       |       |       |       |     6 |    42 ||    48
       Iron Shot         |       |       |       |       |       |    53 |   323 ||   376
       Sublimation of Bl |       |       |       |       |       |       |    44 ||    44
       Death's Door      |       |       |       |       |       |       |     7 ||     7
       Borgnjor's Revivi |       |       |       |       |       |       |     1 ||     1
Invok: Receive Necronomi |       |       |       |       |     1 |       |       ||     1
 Abil: Evoke Invisibilit |       |       |       |       |       |       |     1 ||     1
Evoke: Wand              |       |       |       |     8 |    18 |    38 |     2 ||    66
       Condenser vane    |       |       |       |       |       |     4 |     4 ||     8
       Phantom mirror    |       |       |       |       |       |     1 |     2 ||     3
       Lightning rod     |       |       |       |       |       |     4 |     9 ||    13
  Use: Scroll            |     3 |     3 |    14 |    11 |    18 |    17 |    10 ||    76
       Potion            |       |     7 |     7 |     3 |     4 |    11 |     5 ||    37
 Stab: Sleeping          |     1 |     1 |     7 |     6 |     4 |     2 |       ||    21
       Invisible         |       |       |     8 |       |       |       |       ||     8
       Distracted        |       |       |       |       |     2 |     1 |       ||     3
Armor: Robe              |     3 |    50 |   170 |   108 |   132 |   176 |    30 ||   669
       Skin              |       |       |     4 |       |       |       |       ||     4
       Steam dragon scal |       |       |       |    12 |       |       |       ||    12
Dodge: Dodged            |     7 |   169 |   478 |   265 |   418 |   538 |   201 ||  2076
       Repelled          |       |       |       |       |     1 |    16 |     6 ||    23
Block: Other             |       |    41 |     6 |       |       |       |       ||    47
       Reflection        |       |     4 |    16 |     7 |       |       |       ||    27
       Buckler           |       |       |   394 |   223 |   171 |   212 |    72 ||  1072
